 Dungeon Crawl Stone Soup version 0.30-a0-170-g85af917532 (console) character file.

Game seed: 10490049681756673797

1150 capslocke the Insei (level 8, -1/54 HPs)
             Began as a Djinni Transmuter on Oct 1, 2022.
             Was a Believer of Uskayaw.
             Slain by an acid dragon (5 damage)
             ... on level 6 of the Dungeon.
             The game lasted 00:27:40 (7979 turns).

capslocke the Insei (Djinni Transmuter)             Turns: 7979, Time: 00:27:40

Health: -1/54      AC:  2    Str: 11    XL:     8   Next: 65%
Gold:   342        EV: 11    Int: 15    God:    Uskayaw [**....] SH:  3 Dex: 14

rFire   + + .      SeeInvis .      - Unarmed
rCold   . . .      Faith    .    A - +0 buckler
rNeg    . . .      Spirit   .    r - +1 ring mail {rC+}
rPois   ∞          Reflect  .    (helmet currently unavailable)
rElec   .          Harm     .    (no cloak)
rCorr   .          Rampage  .    (no gloves)
Will    .....                    (boots unavailable)
Stlth   +.........               s - amulet of regeneration
HPRegen 0.98/turn                (no ring)
MPRegen 0.00/turn                (no ring)

@: mighty, appendages (expiring), wereblooded, corroded, flying
A: horns 2, flying, sickness immunity, fire resistance 2, cold vulnerability 1,
float, innate caster, HP casting, extra vitality 1
a: End Transformation, Renounce Religion, Stomp, Line Pass


You were on level 6 of the Dungeon.
You worshipped Uskayaw.
Uskayaw was noncommittal.
You had temporarily grown beastly horns.
You visited 2 branches of the dungeon, and saw 7 of its levels.

You collected 342 gold pieces.

Inventory:

Hand Weapons
 g - a +2 dagger of venom
Missiles
 h - 20 poisoned darts (quivered)
 n - 4 silver javelins
 o - a throwing net
Armour
 a - a +0 robe
 c - a +0 leather armour
 r - a +1 ring mail of cold resistance (worn)
 A - a +0 buckler (worn)
Jewellery
 l - an amulet of faith
 s - an amulet of regeneration (around neck)
Scrolls
 f - 4 scrolls of fear
 i - 2 scrolls of teleportation {unknown}
 m - 2 scrolls of vulnerability {unknown}
 p - a scroll of enchant weapon {unknown}
 q - a scroll of identify {unknown}
 t - a scroll of silence {unknown}
 u - a scroll of summoning {unknown}
 v - 2 scrolls of blinking {unknown}
 x - 2 scrolls of poison {unknown}
 y - a scroll of torment {unknown}
 C - a scroll of amnesia {unknown}
Potions
 b - a potion of lignification
 e - 4 potions of curing
 j - 2 potions of might
 k - a potion of flight
 w - a potion of mutation {unknown}
 z - a potion of berserk rage {unknown}
 B - a potion of ambrosia {unknown}
 D - a potion of heal wounds {unknown}


   Skills:
 + Level 1.8 Fighting
 + Level 3.5 Armour
 + Level 3.3 Dodging
 + Level 0.3 Shields
 + Level 6.0 Unarmed Combat
 + Level 5.2 Spellcasting


You had one spell level left.
You knew the following spells:

 Your Spells              Type           Power      Damage    Failure   Level
a - Beastly Appendage     Tmut           38%        N/A       6%          1
b - Wereblood             Tmut           19%        N/A       9%          2
c - Spider Form           Tmut/Pois      19%        N/A       17%         3
d - Ice Form              Ice/Tmut       19%        N/A       50%         4
e - Magic Dart            Conj           76%        1d6       6%          1
f - Poisonous Vapours     Pois/Air       38%        N/A       9%          2
g - Confusing Touch       Hex            19%        N/A       17%         3
Your spell library was empty.

Dungeon Overview and Level Annotations

Branches:
Dungeon (6/15)             Temple (1/1) D:4

Altars:
Ashenzari
Dithmenos
Fedhas
Makhleb
Okawaru
Ru
Uskayaw
Xom
Yredelemnul
The Shining One


Innate Abilities, Weirdness & Mutations

You have temporarily grown beastly horns.
You are flying.
You are immune to sickness and miasma.
You are immune to poison.
Your flesh is very heat resistant. (rF++)
You are vulnerable to cold. (rC-)
You float through the air rather than walking.
You learn spells naturally, not from books.
Your magical power is your life essence.
You have superior vitality. (+4 MHP)


Message History

The scorpion stings you. The acid dragon completely misses you.
The acid dragon barely misses you. The scorpion barely misses you.
You hit the scorpion but do no damage. Your headbutt misses the scorpion.
The scorpion stings you but does no damage.
The acid dragon misses you. The acid dragon claws you.
You hit the scorpion but do no damage. You headbutt the scorpion!
The scorpion is heavily wounded.
You block the scorpion's attack. The acid dragon bites you!
The acid dragon claws you but does no damage.
You hit the scorpion but do no damage.
The scorpion is heavily wounded.
The scorpion stings you.
You barely miss the scorpion.
The scorpion is heavily wounded.
The acid dragon bites you! The acid dragon closely misses you.
The scorpion closely misses you.
You hit the scorpion.
The scorpion is severely wounded.
The acid dragon bites you. The acid dragon closely misses you.
The scorpion stings you.
You can now pass through a line of other dancers.
You barely miss the scorpion. You headbutt the scorpion.
You feel a bit better.
You kill the scorpion!
The acid dragon spits acid at you. The splash of acid hits you!
* * * LOW HITPOINT WARNING * * *
The acid corrodes you!
It was a potion of might.
You feel very mighty all of a sudden. The acid dragon barely misses you. x2
Okay, then.
You barely miss the acid dragon. The acid dragon bites you!
* * * LOW HITPOINT WARNING * * *
The acid dragon barely misses you.
It was a potion of flight.
You feel more buoyant.
Your transformation is almost over.
The acid dragon bites you.
* * * LOW HITPOINT WARNING * * *
The acid dragon claws you.
You die...

#######
#.....#
####.....##
..........
((.(.....#
#.(†..# #D@#
#..# # #..###
#
#.###....##.#
........#..#.#
##.#...###...#
.......#....#
#.##.#...#..#
#. #.##.##..#


You could see an acid dragon (catching breath).

Vanquished Creatures
  2 ogres (D:5)
  A phantom (D:5)
  A gnoll sergeant (D:3)
  2 scorpions
  3 howler monkeys
  A jelly (D:5)
  2 gnoll boudas (D:3)
  2 hounds (D:3)
  An orc wizard (D:5)
  2 iguanas (D:4)
  7 adders
  19 gnolls
  A white imp (D:5)
  2 ufetubi (D:5)
  5 worms
  4 dart slugs
  16 orcs
  5 ball pythons
  3 endoplasms
  2 giant cockroaches (D:1)
  6 goblins
  3 hobgoblins (D:1)
  14 jackals (D:3)
  11 kobolds
  4 quokkas
  5 bats
  3 frilled lizards
  6 rats
133 creatures vanquished.

Vanquished Creatures (others)
  A plant (D:3)
1 creature vanquished.

Grand Total: 134 creatures vanquished

Notes
Turn   | Place    | Note
-------+----------+-------------------------------------------
     0 | D:1      | capslocke the Djinni Transmuter began the quest for the
                  | Orb.
     0 | D:1      | capslocke set off with the following spells memorised:
                  | Beastly Appendage, Wereblood, Spider Form, Ice Form.
     0 | D:1      | Reached XP level 1. HP: 17/17 MP: 0/0
   270 | D:1      | Reached XP level 2. HP: 21/22 MP: 0/0
   569 | D:1      | Reached XP level 3. HP: 27/27 MP: 0/0
   569 | D:1      | Learned a level 1 spell: Magic Dart
  1066 | D:1      | Reached skill level 4 in Unarmed Combat
  1396 | D:2      | Reached XP level 4. HP: 32/32 MP: 0/0
  1610 | D:2      | Found a faded altar of an unknown god.
  2068 | D:2      | Reached skill level 1 in Armour
  2397 | D:3      | Found a shimmering altar of Xom.
  2842 | D:3      | Reached XP level 5. HP: 36/37 MP: 0/0
  2842 | D:3      | Learned a level 2 spell: Poisonous Vapours
  3813 | D:3      | Reached XP level 6. HP: 28/42 MP: 0/0
  5065 | D:3      | Reached XP level 7. HP: 38/47 MP: 0/0
  5065 | D:3      | Learned a level 3 spell: Confusing Touch
  6078 | D:4      | Found a staircase to the Ecumenical Temple.
  6086 | Temple   | Entered the Ecumenical Temple
  6111 | Temple   | Became a worshipper of Uskayaw the Reveller
  6313 | D:4      | Reached * piety under Uskayaw
  6385 | D:4      | Reached ** piety under Uskayaw
  6443 | D:4      | Reached skill level 5 in Unarmed Combat
  6445 | D:4      | Reached *** piety under Uskayaw
  7060 | D:5      | Entered Level 5 of the Dungeon
  7116 | D:5      | Reached XP level 8. HP: 52/52 MP: 0/0
  7222 | D:5      | Found an iron altar of Okawaru.
  7822 | D:5      | Found a blossoming altar of Fedhas.
  7834 | D:5      | Reached skill level 6 in Unarmed Combat
  7834 | D:5      | Reached skill level 5 in Spellcasting
  7979 | D:6      | Slain by an acid dragon

Illustrated notes

Levels and vault maps discovered:
D:1:      scummos_arrival_hexagon, layout_loops_ring, minmay_circled_x
D:2:      layout_loops_cross, shapermc_ecumenical_altar_starsandcircs
D:3:      lemuel_castle_with_subvaults [lemuel_castle_interior_carwin_2],
          layout_basic, mainiacjoe_overflow_paths
D:4:      layout_loops_ring, minmay_temple_entry_glassed_door
D:5:      layout_gridville, mainiacjoe_overflow_concentric_impassable,
          mainiacjoe_overflow_two_lobes, nrook_mini_backslash,
          minmay_door_square
D:6:      layout_loops_ring, centaur_isle
Temple:   nicolae_temple_hex_pool

Skill      XL: |  1  2  3  4  5  6  7  8 |
---------------+-------------------------+-----
Unarmed Combat | 4 5 6 |  6.0
Spellcasting   | 2 3 4 5 |  5.2
Armour         | 1 2 3 |  3.5
Dodging        | 3 |  3.3
Fighting       | |  1.8
Shields        | |  0.3

Action                   |  1- 3 |  4- 6 |  7- 9 || total
-------------------------+-------+-------+-------++-------
Melee: Unarmed           |    93 |   129 |   138 ||   360
       Headbutt          |    16 |    18 |    22 ||    56
       Punch             |     2 |     4 |     4 ||    10
Throw: Dart              |       |       |     9 ||     9
 Cast: Beastly Appendage |    16 |    26 |    25 ||    67
       Wereblood         |     1 |     3 |    11 ||    15
       Magic Dart        |       |    10 |    18 ||    28
       Poisonous Vapours |       |    64 |    46 ||   110
  Use: Potion            |       |     1 |     2 ||     3
       Scroll            |       |     1 |       ||     1
 Stab: Sleeping          |       |     1 |       ||     1
       Paralysed         |       |       |     3 ||     3
Armor: Robe              |     4 |       |       ||     4
       Leather armour    |    20 |    27 |     6 ||    53
       Ring mail         |       |       |    17 ||    17
Dodge: Dodged            |    58 |    97 |    71 ||   226
Block: Buckler           |       |       |    12 ||    12

Table legend: (Time is in decaauts)
 A = Elapsed time spent in this place.
 B = Non-inter-level travel time spent in this place.
 C = Inter-level travel time spent in this place.
 D = Time resting spent in this place.
 E = Time spent auto-exploring this place.
 F = Levels seen in this place.
 G = Mean time per level.
                   A        B        C        D        E       F      G
               +--------+--------+--------+--------+--------+-----+--------+
         Total |   7950 |   7823 |    127 |   2652 |   3705 |   7 | 1135.7 |
       Dungeon |   7897 |   7799 |     98 |   2652 |   3692 |   6 | 1316.2 |
        Temple |     52 |     23 |     29 |      0 |     13 |   1 |   52.0 |
               +--------+--------+--------+--------+--------+-----+--------+

Top non-repeatable levels by time:
     D:3: 3778 daAuts
     D:1: 1148 daAuts
     D:2: 1068 daAuts
     D:4: 988 daAuts
     D:5: 841 daAuts
     D:6: 73 daAuts
  Temple: 52 daAuts
